Map: Frostline LE

Players

GangusKaun

  • Race: Protoss Protoss
  • League: Gold
  • Spawn Location: 7:00

Platino - Winner!

  • Race: Zerg Zerg
  • League: Master
  • Spawn Location: 1:00

VOD

Have the link to the VOD?

Description

Time

  • Played on: Dec. 8, 2024, 11:14 p.m.
  • Length: 13:03
Show
View Real Time Build Order
Export as new Build Order

GangusKaun Protoss 

Build Orders: 1 Gate Expand 

Get SALT Encoding   

  12  0:14  Pylon  
  12  0:18  Probe  
  13  0:30  Probe  
  14  0:36  Gateway  
  14  0:46  Probe  
  15  0:58  Probe  
  15  1:01  Assimilator  
  16  1:19  Probe  
  17  1:31  Nexus  
  17  1:32  Probe  
  18  1:44  Probe  
  18  1:46  Cybernetics Core  
  19  1:56  Probe  
  19  2:00  Pylon  
  20  2:04  Assimilator  
  20  2:13  Gateway  
  20  2:17  Adept  
  20  2:22  Warp Gate  
  20  2:25  Shield Battery  
  22  2:36  Probe  
  21  3:11  Probe  
  21  3:12  Probe  
  22  3:23  Probe  
  22  3:26  Adept x2  
  26  3:31  Probe  
  28  3:41  Probe  
  28  3:46  Assimilator, Probe  
  29  3:53  Probe  
  30  3:58  Probe  
  31  4:05  Probe  
  32  4:10  Probe  
  32  4:15  Forge  
  33  4:18  Probe  
  33  4:21  Twilight Council  
  34  4:29  Probe  
  34  4:33  Probe  
  34  4:37  Probe  
  36  4:39  Shield Battery  
  36  4:40  Protoss Ground Weapons Level 1  
  36  4:45  Probe  
  38  4:51  Charge  
  38  4:56  Stargate  
  39  5:07  Probe x2  
  40  5:14  Sentry  
  40  5:19  Probe x2  
  44  5:22  Pylon  
  44  5:27  Pylon  
  44  5:31  Probe  
  45  5:38  Probe  
  46  5:43  Probe  
  46  5:46  Oracle  
  47  5:51  Templar Archives  
  47  5:54  Pylon  
  50  6:12  Assimilator  
  50  6:14  Shield Battery  
  50  6:23  Oracle  
  53  6:32  Nexus  
  53  6:36  Pylon  
  53  6:39  Pylon  
  53  6:44  Probe x2  
  55  6:48  Protoss Shields Level 1  
  55  6:52  Gateway  
  55  6:54  Gateway  
  55  6:56  Probe  
  56  7:07  High Templar x2  
  56  7:51  Zealot  
  56  7:52  Zealot x2  
  56  7:53  Oracle  
  44  8:35  Zealot x2  
  44  8:36  Zealot  
  44  8:40  Probe x3  
  49  8:52  Probe  
  49  9:07  Gateway  
  49  9:09  Photon Cannon  
  49  9:23  Photon Cannon  
  49  9:30  Probe  
  49  9:33  Probe  
  49  9:37  Protoss Ground Weapons Level 2  
  49  9:38  Probe  
  51  9:45  Probe  
  53  9:46  Gateway  
  53  9:47  Robotics Facility  
  53  10:01  Zealot x4  
  61  10:24  Nexus  
  61  10:26  Shield Battery  
  61  10:29  Shield Battery  
  61  10:32  Gateway  
  61  10:36  Probe  
  61  10:37  Gateway  
  62  10:44  Probe  
  63  10:54  Probe  
  62  11:08  Probe  
  62  11:11  Probe  
  64  11:16  Probe  
  64  11:18  Immortal  
  68  11:23  Probe  
  70  11:36  Probe x2  
  72  11:41  Phoenix  
  69  11:57  Observer  
  51  12:10  Zealot x2  
  51  12:12  Zealot  
  38  12:25  Zealot  
  16  12:37  Probe x2  
  16  12:39  Zealot  
  16  12:41  Zealot  
Show
View Real Time Build Order
Export as new Build Order

Platino Zerg - Winner!

Build Orders: Hatch First 

Get SALT Encoding   

  12  0:00  Drone  
  13  0:14  Overlord  
  13  0:18  Drone  
  14  0:32  Drone  
  15  0:44  Hatchery  
  15  0:47  Drone  
  15  0:50  Drone  
  16  1:02  Extractor  
  15  1:08  Spawning Pool  
  15  1:11  Drone  
  15  1:17  Drone  
  15  1:18  Drone  
  17  1:23  Drone  
  18  1:34  Drone  
  19  1:49  Drone  
  20  1:54  Queen  
  20  1:56  Zergling x2  
  20  1:58  Queen  
  20  2:00  Drone  
  26  2:07  Overlord  
  26  2:12  Metabolic Boost  
  26  2:17  Drone  
  26  2:18  Drone  
  28  2:28  Drone x2  
  30  2:44  Hatchery  
  30  2:46  Drone x2  
  31  2:54  Zergling x6  
  34  2:59  Drone  
  35  3:07  Drone  
  35  3:08  Overlord  
  35  3:09  Overlord  
  36  3:21  Overlord  
  36  3:22  Overlord x2  
  36  3:30  Evolution Chamber  
  36  3:32  Drone x2  
  36  3:44  Drone  
  36  3:45  Drone x2  
  39  3:51  Lair  
  39  3:56  Zerg Melee Weapons Level 1  
  39  3:57  Drone x5  
  39  4:02  Queen  
  44  4:07  Drone  
  44  4:08  Drone x2  
  49  4:10  Drone  
  49  4:14  Spore Crawler  
  49  4:16  Drone x2  
  51  4:29  Drone x3, Extractor  
  51  4:30  Drone x4  
  57  4:32  Drone x2  
  57  4:34  Drone  
  57  4:35  Drone  
  61  4:46  Drone  
  61  4:47  Drone  
  61  4:48  Drone  
  64  4:55  Infestation Pit  
  64  4:57  Spore Crawler  
  64  4:58  Spine Crawler  
  61  5:00  Hatchery, Drone  
  61  5:01  Drone x3  
  64  5:11  Spine Crawler  
  63  5:16  Extractor  
  62  5:24  Queen x2  
  68  5:29  Extractor  
  68  5:32  Drone x6  
  73  5:37  Drone  
  73  5:38  Drone x3  
  73  5:41  Hive  
  75  5:46  Hydralisk Den, Hatchery  
  73  5:51  Spore Crawler  
  73  5:53  Zerg Melee Weapons Level 2  
  73  5:54  Spine Crawler  
  73  5:55  Drone x3  
  74  6:13  Neural Parasite  
  74  6:14  Hatchery, Evolution Chamber  
  72  6:19  Zergling x8  
  72  6:20  Zergling x6  
  72  6:24  Overseer  
  72  6:25  Pneumatized Carapace  
  79  6:38  Spore Crawler  
  78  6:40  Spine Crawler, Extractor  
  78  6:41  Extractor  
  78  6:44  Zerg Ground Armor Level 1  
  78  6:46  Drone  
  78  6:47  Drone x11  
  84  6:50  Extractor  
  84  6:51  Drone  
  87  6:54  Overlord x3  
  87  7:04  Drone x6  
  87  7:05  Extractor  
  87  7:06  Overlord x2  
  92  7:14  Adrenal Glands  
  92  7:23  Drone  
  92  7:24  Drone x9  
  102  7:36  Drone  
  102  7:37  Drone x3  
  106  7:48  Drone  
  106  7:49  Zergling x4  
  106  7:50  Zergling x18  
  117  8:02  Drone  
  118  8:07  Infestor x3  
  118  8:08  Infestor  
  118  8:09  Ultralisk Cavern  
  125  8:25  Drone x6  
  125  8:26  Overlord x3, Drone x3  
  125  8:46  Drone  
  125  8:47  Drone x10  
  125  8:48  Spore Crawler  
  135  8:49  Spine Crawler  
  135  8:51  Zerg Missile Weapons Level 1  
  135  8:52  Zerg Ground Armor Level 2  
  135  8:54  Infestor x3  
  139  8:57  Spore Crawler  
  139  8:58  Spore Crawler, Drone x5  
  138  9:13  Queen  
  140  9:17  Extractor  
  140  9:18  Spore Crawler, Drone x9  
  140  9:19  Extractor, Drone  
  147  9:25  Ultralisk x2  
  147  9:28  Spire  
  158  9:34  Hatchery  
  157  9:56  Spore Crawler  
  157  9:59  Ultralisk  
  162  10:07  Nydus Network  
  162  10:10  Nydus Network, Zergling x6  
  162  10:12  Overlord x8  
  162  10:13  Nydus Network, Hatchery  
  161  10:19  Nydus Network  
  160  10:41  Spore Crawler  
  160  10:42  Spore Crawler  
  158  10:47  Zergling x12  
  158  10:48  Zergling x38  
  183  10:50  Zerg Flyer Weapons Level 1  
  183  10:53  Lurker Den  
  179  11:03  Overseer x11  
  177  11:05  Zergling x2  
  177  11:06  Zergling x16  
  177  11:08  Hatchery  
  185  11:13  Zergling x2  
  186  11:23  Overlord x4  
  186  11:32  Nydus Canal  
  186  11:33  Nydus Canal  
  186  11:38  Nydus Canal  
  186  11:39  Overseer  
  172  12:21  Ultralisk  
  172  12:22  Ultralisk x4  
Tags
 
Add a new tag
Caveats
  • Supply blocks, unpowered buildings, or Contaminate may cause inaccurate times.
  • Supply counts are checked every 10 seconds.